 Dungeon Crawl Stone Soup version 0.30.1 (webtiles) character file.

Game seed: 17518469640686831370

9643 H0rd4k the Thaumaturge (level 11, -2/67 HPs)
             Began as an Octopode Artificer on July 4, 2023.
             Was an Initiate of Gozag.
             Slain by a polar bear (6 damage)
             ... on level 1 of the Lair of Beasts.
             The game lasted 00:34:05 (16091 turns).

H0rd4k the Thaumaturge (Octopode Artificer)        Turns: 16091, Time: 00:34:05

Health: -2/67      AC:  1    Str: 13    XL:     11   Next: 49%
Magic:  15/25      EV: 14    Int: 17    God:    Gozag
Gold:   1034       SH:  0    Dex: 12    Spells: 20/30 levels left

rFire   . . .        n - staff of air
rCold   . . .        (no shield)
rNeg    . . .        (helmet restricted)
rPois   +            x - amulet of regeneration
rElec   +            m - ring of poison resistance
rCorr   +            r - ring of resist corrosion
SInv    .            w - ring of flight
Will    .....        (no ring)
Stlth   ++++         (no ring)
HPRegen 1.11/turn    (no ring)
MPRegen 0.19/turn    (no ring)
                     (no ring)

%: no passive effects
@: flying
A: almost no armour, amphibious, 8 rings, camouflage 1, gelatinous body 1,
(nimble swimmer 1), tentacles
a: Renounce Religion, Potion Petition, Call Merchant, Bribe Branch


You were on level 1 of the Lair of Beasts.
You worshipped Gozag.
Gozag was most pleased with you.
You visited 2 branches of the dungeon, and saw 12 of its levels.
You also visited: Volcano.

You collected 2174 gold pieces.
You paid 1140 gold pieces to Gozag.

Inventory:

Missiles
 f - 19 poisoned darts
 p - 2 throwing nets
Armour
 C - the +4 skin of Zhor {*Englaciate rC+++ SInv}
   (You found it on level 10 of the Dungeon)

   *Englaciate: It radiates cold, occasionally slowing all nearby creatures who
   are not resistant to cold.
   rC:        It renders you almost immune to cold.
   SInv:      It lets you see invisible.
Magical Staves
 n - a staff of air (weapon)
 v - a staff of cold
Jewellery
 m - a ring of poison resistance (left tentacle)
 r - a ring of resist corrosion (right tentacle)
 w - a ring of flight (on tentacle)
 x - an amulet of regeneration (around mantle)
Wands
 t - a wand of flame (17)
 y - a wand of quicksilver (9)
 D - a wand of digging (9)
 F - a wand of polymorph (3)
Scrolls
 d - a scroll of brand weapon {unknown}
 h - 4 scrolls of immolation
 j - 4 scrolls of amnesia
 k - 4 scrolls of fear {unknown}
 o - 2 scrolls of fog
 q - 3 scrolls of teleportation
 A - a scroll of silence
 B - 2 scrolls of summoning
 E - a scroll of poison
 H - a scroll of identify
Potions
 a - 3 potions of flight {unknown}
 b - a potion of cancellation {unknown}
 c - 5 potions of ambrosia
 e - 3 potions of curing
 g - 3 potions of lignification {unknown}
 i - 2 potions of invisibility {unknown}
 l - 3 potions of heal wounds
 s - 3 potions of attraction {unknown}
 u - 2 potions of magic {unknown}
 z - a potion of haste {unknown}
 G - a potion of berserk rage {unknown}


   Skills:
 + Level 3.1 Fighting
 - Level 2.7 Staves
 + Level 0.8 Throwing
 + Level 4.6 Dodging
 + Level 6.6 Stealth
 - Level 1.7 Unarmed Combat
 * Level 10.0 Spellcasting
 + Level 3.0 Conjurations
 + Level 8.0 Air Magic
 + Level 7.9 Poison Magic
 + Level 5.2 Evocations


You had 20 spell levels left.
You knew the following spells:

 Your Spells              Type           Power      Damage    Failure   Level
a - Swiftness             Air            52%        N/A       1%          3
b - Poisonous Vapours     Pois/Air       100%       N/A       1%          2
c - Airstrike             Air            26%        2d(4-20)  3%          4
d - Shock                 Conj/Air       100%       1d9       1%          1

Your spell library contained the following spells:

 Spells                   Type           Power      Damage    Failure   Level
 Mephitic Cloud           Conj/Pois/Air  45%        N/A       1%          3
 Freeze                   Ice            32%        1d5       9%          1
 Hailstorm                Conj/Ice       13%        3d5       14%         3
 Frozen Ramparts          Ice            16%        1d3       26%         3
 Gell's Gravitas          Tloc           8%         N/A       26%         3
 Teleport Other           Tloc           8%         N/A       26%         3
 Freezing Cloud           Conj/Ice/Air   15%        6-21      45%         5
 Irradiate                Conj/Tmut      6%         3d13      77%         5
 Blade Hands              Tmut           4%         N/A       93%         5
 Dispersal                Tloc           4%         N/A       100%        6
 Dragon Form              Tmut           4%         N/A       100%        7


Dungeon Overview and Level Annotations

Branches:
Dungeon (11/15)            Temple (0/1) D:5            Lair (1/5) D:8
    Orc (0/2) D:9         Volcano (visited)

Altars:
Ashenzari
Elyvilon
Fedhas
Gozag
Hepliaklqana
Ru
Sif Muna
Trog
Wu Jian
Xom
The Shining One
Jiyva

Shops:
D:2 :   D:5 (   D:6 *   D:8 ![((

Annotations:
D:4 exclusion: downstairs
D:5 exclusion: 2 downstairs
D:7 3 runed translucent doors, exclusions: 3 doors and 2 downstairs, LavenderCorpse's ghost, novice TrTm; Mefist's ghost, novice DEFE; zxspectator's ghost, novice FoFi
D:8 2 transporters
D:9 exclusion: acid dragon


Innate Abilities, Weirdness & Mutations

You cannot wear most types of armour.
You are amphibious.
You can wear up to eight rings at the same time.
Your skin changes colour to match your surroundings (Stealth+).
Your rubbery body absorbs attacks. (AC +1, EV +1)
((You are camouflaged when in or above water. (Stealth+)))
You have tentacles for arms and can constrict up to eight enemies at once.


Message History

Poisonous vapours surround the polar bear!
The polar bear looks as sick as possible!
The polar bear growls angrily.
You feel a surge of power!
Poisonous vapours surround the polar bear!
The polar bear looks as sick as possible!
You feel a surge of power!
Poisonous vapours surround the polar bear!
The polar bear looks as sick as possible!
You feel a surge of power!
Poisonous vapours surround the polar bear!
The polar bear looks as sick as possible!
You feel a surge of power!
Poisonous vapours surround the polar bear!
The polar bear looks as sick as possible!
The polar bear goes berserk!
You feel a surge of power!
Poisonous vapours surround the polar bear!
The polar bear looks as sick as possible!
The polar bear bites you! The polar bear barely misses you.
The polar bear misses you.
You feel a surge of power!
Poisonous vapours surround the polar bear!
The polar bear looks as sick as possible!
The polar bear bites you! The polar bear claws you.
The polar bear closely misses you. The polar bear bites you.
The polar bear claws you but does no damage.
The polar bear barely misses you.
You are too injured to fight recklessly!
Unknown command.
Aiming: Throw Flame
Press: ? - help, Shift-Dir - straight line, f/p - polar bear
Aim: a polar bear (almost dead, berserk, extremely poisoned, 81% to hit)
The puff of flame hits the polar bear but does no damage.
The polar bear is almost dead.
The polar bear bites you!!
* * * LOW HITPOINT WARNING * * *
The polar bear claws you.
You die...
Your body crumbles into a pile of gold.

..#..PP.# #............. #
##....# #..#.########. #..#.##
#..######## ##
#..#..###########..####...####
#....#.........##....#.......#
#.............................
#..#......................_...
#
#....................###......
# #..#........h@..#....#
#...... #..###..........#....#
#.##... #
##...###.........#....#########
###...#####P#####..#.....#
#.......# ### #..##....#####
.........# ##..#....###.#####
........## #.#.....#........
........# #................
........# ####..#..........


You could see a polar bear (berserk, extremely poisoned).

Vanquished Creatures
  3 death yaks (D:8)
  A molten gargoyle (Volcano)
  A cane toad (Lair:1)
  A komodo dragon (D:11)
  A troll (D:10)
  A queen bee (Lair:1)
  A shadow (D:9)
  A wyvern (Lair:1)
  9 yaks
  Grum (D:8)
  A fire elemental (Volcano)
  A water moccasin (Lair:1)
  3 acid dragons
  2 ice beasts
  2 orc warriors
  A sky beast (D:8)
  An ogre (D:6)
  3 wolves
  2 centaurs
  A phantom (D:8)
  A kobold brigand (D:10)
  4 bullfrogs
  2 scorpions
  An earth elemental (Volcano)
  31 killer bees
  3 troll zombies (D:9)
  An electric eel (D:8)
  6 howler monkeys
  A gnoll bouda (D:7)
  2 hounds
  An orc priest (D:9)
  3 iguanas
  4 orc wizards
  5 ogre zombies (D:9)
  13 gnolls
  5 adders
  A shadow imp (D:8)
  A white imp (D:6)
  An ufetubus (D:5)
  A worm (D:3)
  2 dart slugs
  20 orcs
  5 ball pythons
  2 endoplasms
  4 giant cockroaches
  4 goblins
  3 hobgoblins (D:4)
  2 jackals (D:1)
  12 kobolds
  3 quokkas
  4 bats
  6 frilled lizards
  2 goblin zombies (D:9)
  2 orc skeletons (D:9)
  16 orc zombies (D:9)
  3 rats
  A fire vortex (Volcano)
215 creatures vanquished.

Vanquished Creatures (collateral kills)
  A steam dragon (D:8)
  2 killer bees (Lair:1)
  An orc priest (D:8)
  A gnoll (D:4)
  An orc (D:8)
  3 kobolds (D:8)
  A quokka (D:4)
  2 hobgoblin zombies (D:9)
  3 orc zombies (D:9)
15 creatures vanquished.

Vanquished Creatures (others)
  A cane toad (Lair:1)
  Maggie (D:8)
  A wyvern (D:9)
  A kobold brigand (D:8)
  A fire vortex (Volcano)
5 creatures vanquished.

Grand Total: 235 creatures vanquished

Notes
Turn   | Place    | Note
-------+----------+-------------------------------------------
     0 | D:1      | H0rd4k the Octopode Artificer began the quest for the Orb.
     0 | D:1      | Reached XP level 1. HP: 13/13 MP: 1/1
   132 | D:1      | Reached XP level 2. HP: 13/18 MP: 2/2
   870 | D:2      | Reached XP level 3. HP: 21/23 MP: 3/3
  1023 | D:2      | Found Ypevud's Book Emporium.
  1285 | D:2      | Reached XP level 4. HP: 16/28 MP: 4/4
  1446 | D:2      | Found a faded altar of an unknown god.
  1743 | D:2      | Reached skill level 1 in Unarmed Combat
  2468 | D:4      | Reached XP level 5. HP: 32/33 MP: 5/5
  2560 | D:4      | Found a glowing golden altar of the Shining One.
  2561 | D:4      | Found a hazy altar of Hepliaklqana.
  2562 | D:4      | Found a blossoming altar of Fedhas.
  2562 | D:4      | Found a bloodstained altar of Trog.
  2562 | D:4      | Found an opulent altar of Gozag.
  2562 | D:4      | Found a broken altar of Ashenzari.
  2563 | D:4      | Found a shimmering blue altar of Sif Muna.
  2564 | D:4      | Found a white marble altar of Elyvilon.
  2565 | D:4      | Found a shimmering altar of Xom.
  2567 | D:4      | Found an ornate altar of the Wu Jian Council.
  2570 | D:4      | Became a worshipper of Gozag Ym Sagoz the Greedy
  3181 | D:5      | Entered Level 5 of the Dungeon
  3318 | D:5      | Reached XP level 6. HP: 38/38 MP: 5/7
  3380 | D:5      | Found Yhuchof's Weapon Shoppe.
  3390 | D:5      | Reached skill level 1 in Air Magic
  3404 | D:4      | Reached skill level 1 in Staves
  3491 | D:4      | Reached skill level 1 in Spellcasting
  3567 | D:5      | Learned a level 3 spell: Swiftness
  3570 | D:5      | Learned a level 2 spell: Poisonous Vapours
  3756 | D:5      | Noticed an ice beast
  3857 | D:5      | Found a staircase to the Ecumenical Temple.
  3960 | D:6      | Reached skill level 5 in Stealth
  4297 | D:5      | Killed an ice beast
  4298 | D:5      | Reached skill level 1 in Poison Magic
  4298 | D:5      | Reached XP level 7. HP: 43/43 MP: 7/9
  4334 | D:6      | Found Konyoqanukk's Assorted Antiques.
  4793 | D:6      | Noticed a two-headed ogre
  4795 | D:6      | Noticed a wraith
  5188 | D:7      | Reached skill level 2 in Spellcasting
  5297 | D:7      | Reached XP level 8. HP: 26/50 MP: 11/11
  5472 | D:7      | Found a runed translucent gate.
  5474 | D:7      | Found a runed translucent gate.
  5477 | D:7      | Found a runed translucent gate.
  5477 | D:7      | Noticed Mefist's ghost (novice DEFE)
  5477 | D:7      | Noticed zxspectator's ghost (novice FoFi)
  5478 | D:7      | Noticed LavenderCorpse's ghost (novice TrTm)
  6338 | D:8      | Noticed a death yak
  6338 | D:8      | Noticed a yak
  6338 | D:8      | Noticed a yak
  6338 | D:8      | Noticed a death yak
  6338 | D:8      | Noticed a yak
  6726 | D:8      | Noticed a slime creature
  6726 | D:8      | Noticed a slime creature
  6726 | D:8      | Noticed a slime creature
  6726 | D:8      | Noticed a glowing orange brain
  6727 | D:8      | Found a viscous altar of Jiyva.
  6727 | D:8      | Noticed a slime creature
  6727 | D:8      | Noticed a slime creature
  6755 | D:8      | Noticed a slime creature
  6755 | D:8      | Noticed a slime creature
  6936 | D:8      | Reached skill level 3 in Spellcasting
  7282 | D:7      | Learned a level 4 spell: Airstrike
  7327 | D:8      | Noticed Grum
  7425 | D:7      | Reached skill level 4 in Spellcasting
  7425 | D:7      | Reached skill level 5 in Evocations
  7712 | D:8      | Noticed Maggie
  7723 | D:8      | Reached XP level 9. HP: 55/55 MP: 15/15
  7737 | D:8      | Your ally Maggie died
  7759 | D:8      | Found a transporter.
  7782 | D:8      | Found a staircase to the Lair.
  8010 | D:9      | Reached skill level 5 in Spellcasting
  8545 | D:8      | Noticed a death yak
  8800 | D:9      | Learned a level 1 spell: Shock
  8933 | D:9      | Found a staircase to the Orcish Mines.
  9597 | D:9      | Reached skill level 1 in Conjurations
 10007 | D:9      | Reached skill level 6 in Spellcasting
 10301 | D:9      | Reached skill level 5 in Air Magic
 10668 | D:9      | Reached skill level 5 in Poison Magic
 10911 | D:9      | Reached XP level 10. HP: 50/63 MP: 11/20
 11016 | D:10     | Entered Level 10 of the Dungeon
 11180 | D:10     | Reached skill level 7 in Spellcasting
 11652 | D:10     | Found the +4 skin of Zhor {*Englaciate rC+++ SInv}
 11676 | D:10     | Found a sacrificial altar of Ru.
 13083 | D:11     | Noticed a red ugly thing
 13388 | D:8      | Killed a death yak
 13389 | D:8      | Reached skill level 8 in Spellcasting
 13687 | D:8      | Found Lunweal's Antique Armour Emporium.
 13688 | D:8      | Found Gecen's Distillery.
 13973 | D:8      | Killed a death yak
 14106 | D:8      | Killed a death yak
 14107 | D:8      | Reached skill level 9 in Spellcasting
 14107 | D:8      | Reached XP level 11. HP: 67/67 MP: 3/24
 14340 | D:8      | Killed Grum
 14488 | Lair:1   | Entered Level 1 of the Lair of Beasts
 14723 | Lair:1   | Found a dark tunnel.
 14731 | Volcano  | Entered a volcano
 15014 | D:8      | Found a transporter.
 15646 | Lair:1   | Reached skill level 10 in Spellcasting
 15952 | Lair:1   | Found a blossoming altar of Fedhas.
 16091 | Lair:1   | Slain by a polar bear

Illustrated notes

Levels and vault maps discovered:
D:1:      matt_arrival_grand_opening, layout_loops_corners
D:2:      layout_loops_ring, hellmonk_ecumenical_altar_inner_sanctum,
          serial_shops, nicolae_shop_back_alley_shop, minmay_door_square,
          hangedman_feature_mirror
D:3:      layout_rooms
D:4:      layout_loops_ring, minitemple, minivault_19, kennysheep_generic_room_4
D:5:      layout_rooms, minmay_temple_entry_mist, serial_shops, shop,
          kennysheep_crisscross
D:6:      minmay_chambers_of_sixes, layout_cave_pools, nicolae_stop_n_shop_2
D:7:      layout_loops_ring, gammafunk_ghost_cemetery, kennysheep_nub,
          wad_floor_pattern_untrapped, minmay_misc_feat_encased
D:8:      gammafunk_jiyva_shrine, layout_cave_pools, dpeg_lair_monsters,
          nicolae_wooded_promenade, uniq_maggie, uniq_grum
D:9:      layout_irregular_city, zombieorc2_lemuel, serial_column_ruins,
          column_ruins_courtyard_long, column_ruins_hut, column_ruins_grid_3,
          column_ruins_open_large, column_ruins_columns_straight,
          column_ruins_columns_straight, column_ruins_columns_dead_end,
          column_ruins_open_small, minivault_24
D:10:     layout_irregular_city, nicolae_ru_great_annihilating_truth
D:11:     layout_long_grid, gammafunk_ghost_berserking_beasts, serial_shops,
          shop
Lair:1:   hellmonk_destroyed_diamonds, layout_gridlike, basic_altar,
          special_room [special_room_bee], enter_volcano_1

Skill      XL: |  1  2  3  4  5  6  7  8  9 10 11 |
---------------+----------------------------------+-----
Stealth        | 2 3 4 5 6 |  6.6
Evocations     | 4 5 |  5.2
Unarmed Combat | 1 |  1.7
Dodging        | 3 4 |  4.6
Air Magic      | 1 2 4 5 7 8 |  8.0
Staves         | 1 2 |  2.7
Spellcasting   | 1 2 4 6 9 10 | 10.0
Poison Magic   | 1 2 4 5 7 |  7.9
Fighting       | 2 3 |  3.1
Conjurations   | 2 3 |  3.0
Throwing       | |  0.8

Action                     |  1- 3 |  4- 6 |  7- 9 | 10-12 || total
---------------------------+-------+-------+-------+-------++-------
  Melee: Unarmed           |    67 |    70 |       |       ||   137
         Tentacles         |    25 |    27 |    47 |     2 ||   101
         Constrict         |    22 |    32 |    27 |     3 ||    84
         Punch             |     2 |     1 |     4 |       ||     7
         Staff             |       |    50 |   157 |    19 ||   226
  Throw: Dart              |       |       |    14 |       ||    14
   Cast: Poisonous Vapours |       |       |   106 |   214 ||   320
         Shock             |       |       |   129 |    53 ||   182
         Swiftness         |       |       |       |     5 ||     5
 Invoke: Call Merchant     |       |       |       |     2 ||     2
  Evoke: Wand              |       |    14 |    11 |    20 ||    45
    Use: Potion            |       |     1 |     6 |       ||     7
         Scroll            |       |       |    10 |     3 ||    13
   Stab: Sleeping          |     3 |     8 |     1 |       ||    12
         Paralysed         |       |       |       |     1 ||     1
         Distracted        |       |       |       |     1 ||     1
 Armour: Skin              |    10 |     6 |    15 |     6 ||    37
  Dodge: Dodged            |    49 |    66 |   147 |    92 ||   354
